 Dungeon Crawl Stone Soup version 0.31-a0-1010-g5322dac6a2 (webtiles) character file.

Game seed: 5028969830803834098

7900 graki42 the Blocker (level 11, 0/71 HPs)
             Began as a Gargoyle Fighter on Nov 16, 2023.
             Was a High Priest of Okawaru.
             Slain by a komodo dragon (11 damage)
             ... on level 8 of the Dungeon.
             The game lasted 00:18:54 (7586 turns).

graki42 the Blocker (Gargoyle Fighter)              Turns: 7586, Time: 00:18:55

Health: 0/71       AC: 25    Str: 31    XL:     11   Next: 22%
Magic:  16/16      EV: 12    Int: 12    God:    Okawaru [*****.]
Gold:   490        SH:  0    Dex:  9    Spells: 10/10 levels left

rFire   . . .        B - +3 whip (elec)
rCold   . . .        c - +0 buckler
rNeg    + . .        b - +0 scale mail
rPois   ∞            E - +4 helmet of the Uplifting Gods {Int+4 Stlth+}
rElec   +            (no cloak)
rCorr   .            p - +0 pair of gloves
SInv    .            (no boots)
Will    +....        (no amulet)
Stlth   +            e - +6 ring of strength
HPRegen 0.31/turn    o - ring of flight
MPRegen 0.15/turn

%: no passive effects
@: confused, heroic, ambrosia-drunk, enlightened, flying, studying Staves
A: sickness immunity, AC +8, negative energy resistance 1, electricity
resistance, torment resistance 1, petrification resistance
a: Renounce Religion, Heroism, Finesse, Duel


You were on level 8 of the Dungeon.
You worshipped Okawaru.
Okawaru was extremely pleased with you.
You visited 3 branches of the dungeon, and saw 10 of its levels.
You also visited: Sewer.

You collected 490 gold pieces.

Inventory:

Hand Weapons
 a - a +0 flail
 B - a +3 whip of electrocution (weapon)
 G - a +1 whip of freezing
Armour
 b - a +0 scale mail (worn)
 c - a +0 buckler (worn)
 p - a +0 pair of gloves (worn)
 E - the +4 helmet of the Uplifting Gods (worn) {Int+4 Stlth+}
   (You found it on level 7 of the Dungeon)

   Int+4:     It affects your intelligence (+4).
   Stlth+:    It makes you more stealthy.
Jewellery
 e - a +6 ring of strength (left hand)
 f - a ring of wizardry
 g - a ring of fire
 o - a ring of flight (right hand)
 v - a ring of willpower
 x - a +5 ring of evasion
Wands
 d - a wand of charming (6)
 l - a wand of mindburst (34)
 y - a wand of quicksilver (8)
 F - a wand of iceblast (11)
Scrolls
 h - a scroll of immolation
 n - a scroll of enchant weapon
 q - 2 scrolls of blinking
 r - a scroll of silence
 t - 2 scrolls of fog
 A - a scroll of amnesia {unknown}
 C - a scroll of teleportation
 D - a scroll of poison {unknown}
Potions
 i - 6 potions of curing
 j - a potion of cancellation
 k - a potion of mutation
 m - 2 potions of attraction
 u - a potion of brilliance
 z - a potion of resistance


   Skills:
 + Level 9.2(14.2) Fighting
 + Level 8.1(13.1) Maces & Flails
 + Level 9.2(14.2) Armour
 + Level 9.3(14.3) Shields
 + Level 7.4 Invocations


You had 10 spell levels left.
You didn't know any spells.
Your spell library contained the following spells:

 Spells                   Type           Power      Damage    Failure   Level
 Wereblood                Tmut           0%         N/A       65%         2
 Dazzling Flash           Conj/Hex       0%         N/A       87%         3
 Agony                    Necr           0%         N/A       100%        5
 Silence                  Hex/Air        0%         N/A       100%        5
 Ozocubu's Refrigeration  Ice            0%         4d7       100%        7
 Polar Vortex             Ice            0%         N/A       100%        9
 Sublimation of Blood     Necr           Unusable   N/A       N/A         2
 Simulacrum               Ice/Necr       Unusable   N/A       N/A         6
 Summon Hydra             Summ           Unusable   N/A       N/A         7

Dungeon Overview and Level Annotations

Branches:
Dungeon (8/15)             Temple (1/1) D:4            Lair (1/5) D:8
  Sewer (visited)

Altars:
Ashenzari
Cheibriados
Dithmenos
Elyvilon
Fedhas
Gozag
Hepliaklqana
Kikubaaqudgha
Makhleb
Nemelex Xobeh
Okawaru
Qazlal
Ru
Sif Muna
Xom
Yredelemnul
Zin
The Shining One


Innate Abilities, Weirdness & Mutations

You are immune to sickness and miasma.
Your stone body is resilient. (AC +8)
You are immune to poison.
You resist negative energy. (rN+)
You are resistant to electric shocks. (rElec)
You are resistant to unholy torment.
You are immune to petrification.


Message History

Unknown command.
You closely miss the wolf. You barely miss the wolf.
The wolf barely misses you.
You whack the wolf! Lightning courses through the wolf!
The wolf is severely wounded.
You hit the wolf. Lightning courses through the wolf!
You kill the wolf!
Okawaru accepts your kill.
You closely miss the komodo dragon. The komodo dragon bites you.
* * * LOW HITPOINT WARNING * * *
You hit the komodo dragon but do no damage.
You hit the komodo dragon.
The komodo dragon is lightly wounded.
You hit the komodo dragon but do no damage.
The komodo dragon is lightly wounded.
You whack the komodo dragon!
The komodo dragon is moderately wounded.
The komodo dragon bites you!
* * * LOW HITPOINT WARNING * * *
Unknown command.
It was a potion of enlightenment.
You feel more buoyant. The komodo dragon closely misses you.
The elephant tramples you but does no damage.
The elephant trunk-slaps you but does no damage.
Unknown command.
You are confused.
You feel invigorated.
Your hands slow down.
The komodo dragon bites you!
* * * LOW HITPOINT WARNING * * *
The elephant tramples you.
* * * LOW HITPOINT WARNING * * *
You hold your ground!
The elephant trunk-slaps you but does no damage.
You bump into the rock wall.
The komodo dragon barely misses you. The elephant barely misses you.
The elephant trunk-slaps you but does no damage.
You bump into the rock wall.
The komodo dragon bites you!
You die...

#.....###....
#.....# #<...
#.....# #....
#.....# #....
#.....# #....
####.....#
#....
##....#####
#####
##l.####
#@Y## ####


You could see an elephant and a komodo dragon.

Vanquished Creatures
  A two-headed ogre (D:8)
  Pikel (D:8)
  2 elephants (D:8)
  2 black mambas (D:8)
  Grinder (D:6)
  The ghost of Takeo the Changeling, an amateur OpSh (D:3)
  Sigmund (D:6)
  3 yaks (D:8)
  A wyvern (D:7)
  The ghost of BigAl the Chopper, an amateur GnRe (D:4)
  Grum (D:8)
  3 water moccasins
  2 black bears
  An ice beast (D:8)
  An orc warrior (D:8)
  A sky beast (D:7)
  2 ogres
  5 centaurs
  7 wolves (D:8)
  3 kobold brigands
  6 bullfrogs
  3 scorpions
  12 wights
  6 killer bees (D:8)
  5 howler monkeys
  A hound (D:6)
  A jelly (D:5)
  An orc priest (D:7)
  3 iguanas
  2 orc wizards (D:7)
  A hell rat (Sewer)
  9 adders
  5 river rats
  2 white imps
  A worm (D:4)
  A dart slug (D:1)
  18 orcs
  5 ball pythons
  13 bats
  5 endoplasms
  3 giant cockroaches
  9 goblins
  13 hobgoblins
  10 jackals
  2 quokkas
  A ball python zombie (D:3)
  5 frilled lizards
  20 kobolds
  A quokka zombie (D:3)
  5 rats
209 creatures vanquished.

Vanquished Creatures (collateral kills)
  2 jackals (D:4)
2 creatures vanquished.

Grand Total: 211 creatures vanquished

Notes
Turn   | Place    | Note
-------+----------+-------------------------------------------
     0 | D:1      | graki42 the Gargoyle Fighter began the quest for the Orb.
     0 | D:1      | Reached XP level 1. HP: 14/14 MP: 1/1
    53 | D:1      | Reached XP level 2. HP: 10/19 MP: 2/2
   230 | D:1      | Found a faded altar of an unknown god.
   343 | D:1      | Reached XP level 3. HP: 23/23 MP: 3/3
  1623 | D:3      | Reached XP level 4. HP: 24/29 MP: 4/4
  1781 | D:3      | Found a runed translucent gate.
  1781 | D:3      | Found a runed translucent gate.
  1781 | D:3      | Found a runed translucent gate.
  1781 | D:3      | Noticed Takeo's ghost (amateur OpSh)
  1783 | D:3      | Found a basalt altar of Yredelemnul.
  1815 | D:3      | Killed Takeo's ghost
  1816 | D:3      | Reached XP level 5. HP: 22/34 MP: 5/5
  1816 | D:3      | Reached XP level 6. HP: 25/39 MP: 6/6
  1952 | D:3      | Found a sparkling altar of Nemelex Xobeh.
  1952 | D:3      | Found a white marble altar of Elyvilon.
  2174 | D:4      | Found a runed translucent gate.
  2174 | D:4      | Found a runed translucent gate.
  2174 | D:4      | Found a runed translucent gate.
  2176 | D:4      | Noticed BigAl's ghost (amateur GnRe)
  2226 | D:4      | Found a glowing drain.
  2274 | Sewer    | Entered a sewer
  2435 | Sewer    | Reached skill level 5 in Shields
  2589 | D:4      | Found a staircase to the Ecumenical Temple.
  2598 | Temple   | Entered the Ecumenical Temple
  2628 | Temple   | Became a worshipper of Warmaster Okawaru
  2686 | D:4      | Reached skill level 5 in Fighting
  2686 | D:4      | Reached skill level 5 in Armour
  2686 | D:4      | Reached XP level 7. HP: 44/44 MP: 7/7
  3444 | D:4      | Killed BigAl's ghost
  3444 | D:4      | Reached * piety under Okawaru
  3445 | D:4      | Reached skill level 1 in Invocations
  3551 | D:5      | Entered Level 5 of the Dungeon
  3566 | D:5      | Found a shimmering altar of Xom.
  3569 | D:5      | Found a hazy altar of Hepliaklqana.
  3740 | D:5      | Found a stormy altar of Qazlal.
  3740 | D:5      | Found a sacrificial altar of Ru.
  3752 | D:5      | Found a broken altar of Ashenzari.
  3888 | D:5      | Reached XP level 8. HP: 48/51 MP: 9/9
  4346 | D:6      | Reached ** piety under Okawaru
  4354 | D:6      | Reached skill level 5 in Maces & Flails
  4848 | D:6      | Noticed Sigmund
  4858 | D:6      | Killed Sigmund
  4925 | D:6      | Noticed Grinder
  4933 | D:6      | Killed Grinder
  4934 | D:6      | Reached XP level 9. HP: 50/56 MP: 10/12
  5189 | D:7      | Reached *** piety under Okawaru
  5485 | D:8      | Reached skill level 5 in Invocations
  5637 | D:7      | Reached **** piety under Okawaru
  5893 | D:7      | Reached XP level 10. HP: 59/64 MP: 14/14
  6043 | D:7      | Identified the +4 helmet of the Uplifting Gods {Int+4
                  | Stlth+}
  6190 | D:7      | Found a snail-covered altar of Cheibriados.
  6500 | D:8      | Found the +6 arbalest "Damnation" {damnation}
  6805 | D:8      | Noticed Pikel
  6820 | D:8      | Killed Pikel
  6848 | D:8      | Noticed Grum
  6868 | D:8      | Killed Grum
  6868 | D:8      | Reached ***** piety under Okawaru
  6990 | D:8      | Found an opulent altar of Gozag.
  7009 | D:8      | Found a staircase to the Lair.
  7068 | D:8      | Noticed a two-headed ogre
  7084 | D:8      | Killed a two-headed ogre
  7222 | D:9      | Identified the "Kibeuv"
  7222 | Lair:1   | Entered Level 1 of the Lair of Beasts
  7241 | Lair:1   | Noticed a catoblepas
  7254 | Lair:1   | Noticed a black mamba
  7256 | Lair:1   | Noticed a black mamba
  7257 | Lair:1   | Noticed an elephant
  7258 | Lair:1   | Noticed an elephant
  7281 | D:8      | Killed a black mamba
  7504 | Lair:1   | Noticed an elephant
  7512 | D:8      | Killed an elephant
  7513 | D:8      | Reached XP level 11. HP: 62/69 MP: 9/16
  7547 | D:8      | Received a gift from Okawaru
  7584 | D:8      | HP: 3/71 [elephant (2)]
  7586 | D:8      | Slain by a komodo dragon

Illustrated notes

Levels and vault maps discovered:
D:1:      shiori_arrival_oz, layout_basic, basic_ecumenical_altar
D:2:      layout_loops_corners
D:3:      minmay_spotlight, layout_rooms, nicolae_yredelemnul_ghost_church,
          jmf_multi_god_temple
D:4:      corexii_shack_village, layout_loops_ring,
          minmay_temple_entry_poolview, cheibrodos_sewer_entry_sluice,
          gammafunk_ghost_split, grunt_ministairs_15
D:5:      layout_gridville, grunt_temple_overflow_open
D:6:      layout_gridville, nrook_campfire, uniq_sigmund, uniq_grinder
D:7:      layout_cave_pools, lemuel_doored_altar, kennysheep_generic_room_13
D:8:      layout_basic, kennysheep_mini, lair_entry_dummy, serial_rivers,
          chequers_serial_rivers_micro_e, chequers_serial_rivers_micro_e,
          chequers_serial_rivers_small_3, chequers_serial_rivers_small_3,
          chequers_serial_rivers_small_a, minmay_manual_mares, uniq_pikel,
          uniq_grum
Temple:   hellmonk_temple_of_storms
Lair:1:   layout_concentric_octagons, minivault_23, tgw_fedhas,
          serial_bayou_shore_b, grunt_megastairs_2

Skill      XL: |  1  2  3  4  5  6  7  8  9 10 11 |
---------------+----------------------------------+-----
Fighting       | 4 5 6 7 8 9 |  9.2
Shields        | 4 5 6 7 9 |  9.3
Maces & Flails | 3 4 5 6 7 8 |  8.1
Armour         | 4 5 6 7 8 9 |  9.2
Invocations    | 2 4 5 7 |  7.4

Action                     |  1- 3 |  4- 6 |  7- 9 | 10-12 || total
---------------------------+-------+-------+-------+-------++-------
  Melee: Flail             |   174 |   143 |   175 |       ||   492
         Whip              |       |       |   198 |   244 ||   442
 Invoke: Heroism           |       |       |       |     1 ||     1
         Finesse           |       |       |       |     1 ||     1
    Use: Potion            |       |     1 |       |     4 ||     5
         Scroll            |       |     6 |     6 |     2 ||    14
 Armour: Scale mail        |   133 |   108 |   207 |   166 ||   614
  Dodge: Dodged            |   109 |    82 |   231 |   139 ||   561
  Block: Buckler           |    41 |    39 |   116 |    63 ||   259

Table legend: (Time is in decaauts)
 A = Elapsed time spent in this place.
 B = Non-inter-level travel time spent in this place.
 C = Inter-level travel time spent in this place.
 D = Time resting spent in this place.
 E = Time spent auto-exploring this place.
 F = Levels seen in this place.
 G = Mean time per level.
                   A        B        C        D        E       F      G
               +--------+--------+--------+--------+--------+-----+--------+
         Total |   7592 |   7335 |    257 |    911 |   4645 |  11 |  690.2 |
       Dungeon |   7177 |   6920 |    257 |    740 |   4569 |   8 |  897.1 |
        Temple |     50 |     50 |      0 |      0 |      0 |   1 |   50.0 |
          Lair |     41 |     41 |      0 |      0 |     15 |   1 |   41.0 |
         Sewer |    322 |    322 |      0 |    171 |     61 |   1 |  322.0 |
               +--------+--------+--------+--------+--------+-----+--------+

Top non-repeatable levels by time:
     D:8: 1440 daAuts
     D:4: 1091 daAuts
     D:6: 968 daAuts
     D:7: 861 daAuts
     D:2: 859 daAuts
     D:1: 714 daAuts
     D:3: 629 daAuts
     D:5: 611 daAuts
   Sewer: 322 daAuts
  Temple: 50 daAuts
  Lair:1: 41 daAuts
